 Dungeon Crawl Stone Soup version 0.23.2-40-g277498a001 (webtiles) character file.

Game seed: 8420304683590806995

72 Martska the Ducker (level 4, -7/33 HPs)
             Began as a Merfolk Ice Elementalist on Oct 4, 2019.
             Killed by divine providence
             ... invoked by an orc priest
              (11 damage)
             ... on level 3 of the Dungeon.
             The game lasted 00:09:43 (3930 turns).

Martska the Ducker (Merfolk Ice Elementalist)       Turns: 3930, Time: 00:09:44

Health: -7/33      AC:  4    Str:  8    XL:     4   Next: 26%
Magic:  0/7        EV: 10    Int: 14    God:
Gold:   96         SH:  6    Dex: 15    Spells: 1/7 levels left

rFire    . . .     SeeInvis .   e - +0 dagger
rCold    . . .     Gourm    .   k - +0 shield
rNeg     . . .     Faith    .   i - +0 leather armour
rPois    .         Spirit   .   (no helmet)
rElec    .         Reflect  .   (no cloak)
rCorr    .         Harm     .   d - +0 pair of gloves
MR       .....                  (no boots)
Stlth    ++........             (no amulet)
HPRegen  0.11/turn              (no ring)
MPRegen  0.10/turn              (no ring)

@: very slightly contaminated
A: change form in water, swift swim, stealthy swim
a: no special abilities


You were on level 3 of the Dungeon.
You were hungry.

You visited 1 branch of the dungeon, and saw 3 of its levels.

You collected 96 gold pieces.

Inventory:

Hand Weapons
 e - a +0 dagger (weapon)
 o - a +0 club
Armour
 a - a +0 robe
 d - a +0 pair of gloves (worn)
 i - a +0 leather armour (worn)
 k - a +0 shield (worn)
Jewellery
 m - an uncursed ring of wizardry {unknown}
Scrolls
 f - a scroll of identify
 h - 2 scrolls of fog
 l - a scroll of blinking {unknown}
 n - a scroll of remove curse {unknown}
Potions
 b - 2 potions of degeneration {unknown}
 g - a potion of heal wounds {unknown}
 j - a potion of curing {unknown}
 p - a potion of flight {unknown}
Comestibles
 c - 3 rations


   Skills:
 * Level 2.1 Fighting
 * Level 4.0 Dodging
 + Level 2.6 Stealth
 + Level 2.2 Spellcasting
 - Level 0.7 Conjurations
 + Level 3.6 Ice Magic


You had one spell level left.
You knew the following spells:

 Your Spells              Type           Power        Failure   Level  Hunger
a - Freeze                Ice            ##..         47%         1    #......
b - Throw Frost           Conj/Ice       #.....       82%         2    ###....
c - Ozocubu's Armour      Chrm/Ice       #.......     98%         3    ###....

Your spell library contained the following spells:

 Spells                   Type           Power        Failure   Level  Hunger
 Summon Ice Beast         Ice/Summ       #.......     100%        4    #####..
 Throw Icicle             Conj/Ice       #.......     100%        4    #####..


Dungeon Overview and Level Annotations

Branches:
Dungeon (3/15)

Altars:


Message History

You hit the orc priest but do no damage.
The orc priest is almost dead.
The orc priest mumbles some strange prayers to Beogh against you.
Beogh smites you!
* * * LOW HITPOINT WARNING * * *
Casting: Freeze (safe; 47% risk of failure)
Confirm with . or Enter, or press ? or * to list all spells.
Aiming: Freeze (safe; 47% risk of failure)
Press: ? - help, Shift-Dir - straight line, f/p - orc priest
Aim: an orc priest, wielding a +0 club and wearing a +0 ring mail (almost dead)
You miscast Freeze.
Nothing appears to happen.
The worm bites you.
* * * LOW HITPOINT WARNING * * *
You block the orc priest's attack.
You hit the orc priest but do no damage.
The orc priest is almost dead.
The orc priest hits you but does no damage.
You block the worm's attack.
The orc priest invokes the aid of Beogh against you.
Beogh smites you!
You die...

#.†####.# #.# #$....# #.# #..###
#.# #.###.# #.h #....# #.#
#####.# #.# #.. ##.#.# #.. ...#.#
#.# #.# #.#.############.#.# #.#
#.# #####.#.......!........###.#
#.# .................$......##.#
#.#
#####.########.?.##.###..#.####.#
.............'o.@<...............
#####.########.w..#.####...####..
#.# #....#.#####..####.. #.#
#....#......).†..... #####.#
#....#?#.....######. ......#
#.......h##...#####o #######
##......###...#..... #
#.#..#.......#.###. #######
###....# #+


You could see a worm and an orc priest.

Vanquished Creatures
  An adder (D:2)
  An ooze (D:3)
  3 dart slugs
  An orc (D:3)
  A ball python (D:2)
  4 giant cockroaches
  5 goblins
  5 hobgoblins
  10 jackals
  3 kobolds
  5 bats
  A frilled lizard (D:1)
  6 rats
46 creatures vanquished.

Notes
Turn   | Place    | Note
-------+----------+-------------------------------------------
     0 | D:1      | Martska the Merfolk Ice Elementalist began the quest for
                  | the Orb.
     0 | D:1      | Reached XP level 1. HP: 13/13 MP: 3/3
    51 | D:1      | Reached skill level 3 in Dodging
    71 | D:1      | Reached XP level 2. HP: 9/20 MP: 0/5
   437 | D:1      | Reached skill level 1 in Fighting
   668 | D:1      | Reached XP level 3. HP: 26/26 MP: 4/6
  1334 | D:2      | Learned a level 2 spell: Throw Frost
  1338 | D:2      | Learned a level 3 spell: Ozocubu's Armour
  2373 | D:3      | Reached XP level 4. HP: 11/33 MP: 0/7
  3399 | D:3      | Reached skill level 4 in Dodging
  3930 | D:3      | Killed from afar by an orc priest

Skill      XL: |  1  2  3  4 |
---------------+-------------+-----
Dodging        | 3 4 |  4.0
Fighting       | 1 2 |  2.1
Stealth        | |  2.6
Spellcasting   | |  2.2
Conjurations   | |  0.7
Ice Magic      | |  3.6

Action                   |  1- 3 |  4- 6 || total
-------------------------+-------+-------++-------
Melee: Dagger            |   133 |    62 ||   195
       Unarmed           |     1 |       ||     1
 Cast: Freeze            |    35 |    11 ||    46
  Use: Scroll            |       |     3 ||     3
 Stab: Sleeping          |     4 |       ||     4
  Eat: Ration            |     1 |     2 ||     3
Armor: Robe              |    10 |       ||    10
       Leather armour    |    39 |    23 ||    62
Dodge: Dodged            |   100 |    39 ||   139
Block: Shield            |    36 |    28 ||    64
